 Dungeon Crawl Stone Soup version 0.26-a0-28-gc929df5585 (webtiles) character file.

Game seed: 6253832619122419856, levelgen mode: deterministic

7086 hemabe the Sneak (level 11, -6/83 HPs)
             Began as a Human Artificer on May 27, 2020.
             Was a Follower of Trog.
             Mangled by a killer bee (7 damage)
             ... on level 10 of the Dungeon.
             The game lasted 00:27:34 (17404 turns).

hemabe the Sneak (Human Artificer)                 Turns: 17404, Time: 00:27:35

Health: -6/83      AC: 13    Str: 15    XL:     11   Next: 30%
Magic:  16/16      EV: 14    Int: 12    God:    Trog [*.....]
Gold:   550        SH:  3    Dex: 14    Spells: 10/10 levels left

rFire    + . .     SeeInvis .   z - +7 whip of the Middle {speed, Fragile +Inv rElec MR-}
rCold    . . .     Gourm    .   x - +0 buckler
rNeg     + . .     Faith    .   V - +5 ring mail "Qapoah" {rF+ rN+}
rPois    .         Spirit   .   (no helmet)
rElec    +         Reflect  .   (no cloak)
rCorr    +         Harm     .   T - +1 pair of gloves
MR       .....                  O - +0 pair of boots
Stlth    +++.......             (no amulet)
HPRegen  0.23/turn              i - ring of resist corrosion
MPRegen  0.15/turn              U - ring of protection from magic {MR+, !d}

@: lethally poisoned (-6 -> -25), berserk cooldown, slowed, very slow
A: no striking features
a: Berserk, Renounce Religion, Evoke Invisibility


You were on level 10 of the Dungeon.
You worshipped Trog.
Trog was aware of your devotion.
You were not hungry.

You visited 2 branches of the dungeon, and saw 11 of its levels.

You collected 550 gold pieces.

Inventory:

Hand Weapons
 p - a +0 quarterstaff of speed
   (You found it on level 10 of the Dungeon)
 q - a +0 hunting sling
   (You found it on level 1 of the Dungeon)
 z - the +7 whip of the Middle (weapon) {speed, Fragile +Inv rElec MR-}
   (You found it on level 9 of the Dungeon)

   Attacks with this weapon are significantly faster.
   It insulates you from electricity.
   It affects your resistance to hostile enchantments.
   It lets you turn invisible.
   It will be destroyed if unequipped.
 A - a cursed +3 dire flail
   (You found it on level 6 of the Dungeon)
 D - a +2 whip of draining
   (You took it off an orc on level 10 of the Dungeon)
 G - a +2 falchion of pain
   (You took it off a centaur on level 8 of the Dungeon)
 Q - a +1 mace of draining
   (You took it off an orc warrior on level 4 of the Dungeon)
 R - a +0 mace of holy wrath
   (You found it on level 6 of the Dungeon)
 Y - a +1 war axe of distortion
   (You found it on level 10 of the Dungeon)
Missiles
 k - 101 sling bullets
 t - 132 stones (quivered)
 N - 2 throwing nets {=f, !d}
Armour
 x - a +0 buckler (worn)
   (You found it on level 2 of the Dungeon)
 y - a +0 chain mail
   (You found it on level 3 of the Dungeon)
 B - a +0 plate armour
   (You took it off an orc warrior on level 4 of the Dungeon)
 O - a +0 pair of boots (worn)
   (You found it on level 5 of the Dungeon)
 P - a +2 robe of magic resistance
   (You took it off Pikel on level 6 of the Dungeon)
 T - a +1 pair of gloves (worn)
   (You found it on level 9 of the Dungeon)
 V - the +5 ring mail "Qapoah" (worn) {rF+ rN+}
   (You found it on level 8 of the Dungeon)

   It protects you from fire.
   It protects you from negative energy.
Jewellery
 i - a ring of resist corrosion (left hand)
   (You found it on level 1 of the Dungeon)
 j - an uncursed ring of poison resistance {unknown}
   (You found it on level 8 of the Dungeon)
 m - an uncursed ring of magical power {MP+9}
   (You found it on level 1 of the Dungeon)
 C - an uncursed amulet of the acrobat {unknown}
   (You found it on level 9 of the Dungeon)
 E - an uncursed ring of stealth {Stlth+}
   (You found it on level 5 of the Dungeon)
 S - an uncursed ring of protection from magic {MR+, !d}
   (You found it on level 8 of the Dungeon)
 U - a ring of protection from magic (right hand) {MR+, !d}
   (You found it on level 7 of the Dungeon)
 W - a cursed ring of protection from fire {unknown}
   (You found it on level 8 of the Dungeon)
Wands
 c - a wand of flame (20)
   (You found it on level 6 of the Dungeon)
 e - a wand of random effects (8)
 r - a wand of polymorph (7)
   (You found it on level 8 of the Dungeon)
 M - a wand of paralysis (7)
   (You found it on level 6 of the Dungeon)
Scrolls
 a - 3 scrolls of fear
 d - 3 scrolls of identify
 h - 2 scrolls of magic mapping {!r}
 l - 2 scrolls of enchant weapon
 s - a scroll of fog
 w - 6 scrolls of teleportation
 J - a scroll of vulnerability {!r!r}
 K - a scroll of enchant armour
Potions
 b - a potion of mutation {unknown}
 g - 3 potions of lignification {!q}
 n - 6 potions of might
 o - a potion of stabbing
 u - 3 potions of flight
 v - 3 potions of curing
 F - 2 potions of ambrosia {unknown}
 H - a potion of invisibility
 I - 2 potions of cancellation
 L - a potion of haste
Comestibles
 f - 15 rations
 X - 3 chunks of flesh {@w0}


   Skills:
 + Level 6.9 Fighting
   Level 3.0 Short Blades
 + Level 6.0 Maces & Flails
 - Level 2.1(4.2) Slings
 + Level 5.6(5.8) Throwing
 + Level 7.2 Dodging
 + Level 7.7 Stealth
 + Level 7.6 Evocations


You had 10 spell levels left.
You didn't know any spells.
Your spell library contained the following spells:

 Spells                   Type           Power        Failure   Level  Hunger
 Magic Dart               Conj           #...         73%         1    ##.....
 Summon Small Mammal      Summ           #...         73%         1    ##.....
 Blink                    Tloc           N/A          86%         2    ###....
 Call Imp                 Summ           #.......     86%         2    ###....
 Slow                     Hex            #.......     86%         2    ###....
 Call Canine Familiar     Summ           #.......     97%         3    ####...
 Conjure Flame            Conj/Fire      #.......     97%         3    ####...
 Mephitic Cloud           Conj/Pois/Air  #.......     97%         3    ####...
 Summon Guardian Golem    Hex/Summ       #.......     97%         3    ####...
 Summon Ice Beast         Ice/Summ       #.......     100%        4    #####..
 Summon Lightning Spire   Summ/Air       #.......     100%        4    #####..


Dungeon Overview and Level Annotations

Branches:
Dungeon (10/15)            Temple (1/1) D:4
   Lair: D:8-11         Orc: D:9-12

Altars:
Ashenzari
Cheibriados
Dithmenos
Elyvilon
Fedhas
Gozag
Hepliaklqana
Kikubaaqudgha
Makhleb
Nemelex Xobeh
Okawaru
Qazlal
Ru
Sif Muna
Trog
Uskayaw
Vehumet
Wu Jian
Xom
Yredelemnul
Zin
The Shining One

Shops:
D:8 =}


Message History

You miss the killer bee. You whack the killer bee!
You kill the killer bee!
Trog accepts your kill.
You feel sick.
You hear an angry buzzing noise.
You take 2 damage, and have 31/124 hp.
You miss the killer bee.
You hear an angry buzzing noise.
The killer bee closely misses you.
You hear an angry buzzing noise.
You miss the killer bee.
You feel sick.
The killer bee stings you but does no damage.
The queen bee calls on the killer bee to defend it!
The killer bee goes berserk!
You take 2 damage, and have 29/124 hp.
You whack the killer bee!
You hear an angry buzzing noise.
The killer bee closely misses you.
You hear an angry buzzing noise.
You whack the killer bee!
You feel sick. The killer bee closely misses you.
You hear an angry buzzing noise.
You whack the killer bee!
You kill the killer bee!
Trog accepts your kill.
You feel sick.
The queen bee calls on the killer bee to defend it!
The killer bee goes berserk!
You take 1 damage, and have 28/124 hp.
You hit the killer bee.
You feel sick. The killer bee stings you.
* * * LOW HITPOINT WARNING * * *
You take 6 damage, and have 22/124 hp.
You whack the killer bee! The killer bee barely misses you.
You whack the killer bee!
You kill the killer bee!
Trog accepts your kill.
You feel sick.
The queen bee calls on the killer bee to defend it!
The killer bee goes berserk!
You take 1 damage, and have 21/124 hp.
You whack the killer bee!
You feel sick.
The killer bee stings you but does no damage.
You block the killer bee's attack.
You hear an angry buzzing noise. x2
You take 1 damage, and have 20/124 hp.
You closely miss the killer bee.
You feel sick. The killer bee stings you!
* * * LOW HITPOINT WARNING * * *
You are more poisoned.
The killer bee poisons you!
You take 9 damage, and have 11/124 hp.
You completely miss the killer bee.
* * * LOW HITPOINT WARNING * * *
You feel sick.
The killer bee stings you but does no damage.
You hear an angry buzzing noise. x3
You take 1 damage, and have 10/124 hp.
You closely miss the killer bee.
* * * LOW HITPOINT WARNING * * *
You feel sick. The killer bee barely misses you. x2
You miss the killer bee.
* * * LOW HITPOINT WARNING * * *
You feel sick.
You take 1 damage, and have 9/124 hp.
You are too berserk!
You whack the killer bee!
You kill the killer bee!
Trog accepts your kill.
* * * LOW HITPOINT WARNING * * *
You feel sick.
You hear an angry buzzing noise.
You take 1 damage, and have 8/124 hp.
You closely miss the killer bee.
You hear an angry buzzing noise.
The killer bee barely misses you.
You barely miss the killer bee.
* * * LOW HITPOINT WARNING * * *
You feel sick. The killer bee barely misses you.
You take 1 damage, and have 7/124 hp.
You whack the killer bee!
* * * LOW HITPOINT WARNING * * *
You feel sick. The killer bee barely misses you.
You take 1 damage, and have 6/124 hp.
You completely miss the killer bee.
* * * LOW HITPOINT WARNING * * *
You feel sick. The killer bee barely misses you.
The queen bee calls on the killer bee to defend it!
The killer bee goes berserk!
You hear an angry buzzing noise. x2
You take 1 damage, and have 5/124 hp.
* * * LOW HITPOINT WARNING * * *
You feel sick. You block the killer bee's attack.
You hear an angry buzzing noise. x2
You take 1 damage, and have 4/124 hp.
You feel a strong urge to attack something.
You are no longer berserk.
You are exhausted.
You feel yourself slow down.
* * * LOW HITPOINT WARNING * * *
You feel sick. The killer bee stings you!
You die...

#.## #.# #..#
#####.### ##.#
#........ ######.##
#!....... #.......#
#........ #.......#
#........
#.......####........
#...................
#..@....####........
##y###### #.....>..
#..yy## #........
####yy# ########.
##'# #. .(. ## %..#
##### y..# #.<..
y[.+ #....


You could see a killer bee (berserk).

Vanquished Creatures
  2 two-headed ogres
  Pikel (D:6)
  An ugly thing (D:10)
  2 hungry ghosts
  2 humans (D:9)
  Edmund (D:4)
  2 slaves (D:5)
  2 black bears
  4 sky beasts
  An ice beast (D:9)
  An orc warrior (D:4)
  2 phantoms
  3 ogres
  An eye of draining (D:10)
  5 centaurs
  7 bullfrogs
  A scorpion (D:9)
  16 killer bees
  3 wights (D:6)
  2 howler monkeys (D:10)
  10 crimson imps
  2 jellies
  7 orc priests
  7 hounds
  Jessica (D:2)
  4 iguanas
  3 gnolls (D:4)
  4 orc wizards
  7 worker ants
  10 adders
  2 shadow imps
  2 oozes
  2 adder zombies
  4 worms
  3 dart slugs (D:1)
  4 leopard geckos
  22 orcs
  3 giant cockroaches
  4 goblins
  11 hobgoblins
  8 jackals
  5 kobolds
  5 quokkas
  8 bats
  3 frilled lizards
  A leopard gecko zombie (D:6)
  A quokka zombie (D:8)
  8 rats
210 creatures vanquished.

Vanquished Creatures (collateral kills)
  A leopard gecko (D:6)
  4 orcs
5 creatures vanquished.

Vanquished Creatures (others)
  A slave (D:6)
  An ogre (D:8)
  A wight (D:6)
  A hound (D:6)
  A gnoll shaman (D:4)
  A worker ant (D:6)
  An orc (D:3)
  A giant cockroach (D:4)
  A jackal (D:3)
9 creatures vanquished.

Grand Total: 224 creatures vanquished

Notes
Turn   | Place    | Note
-------+----------+-------------------------------------------
     0 | D:1      | hemabe the Human Artificer began the quest for the Orb.
     0 | D:1      | Reached XP level 1. HP: 15/15 MP: 3/3
    72 | D:1      | Reached XP level 2. HP: 13/21 MP: 4/4
   746 | D:1      | Reached XP level 3. HP: 25/26 MP: 5/5
  1848 | D:2      | Found a snail-covered altar of Cheibriados.
  1864 | D:2      | Reached XP level 4. HP: 17/33 MP: 6/6
  2495 | D:2      | Reached skill level 2 in Stealth
  2594 | D:2      | Found a burning altar of Makhleb.
  2705 | D:2      | Noticed Jessica
  2707 | D:2      | Killed Jessica
  2707 | D:2      | Reached skill level 2 in Short Blades
  2707 | D:2      | Reached XP level 5. HP: 38/38 MP: 7/7
  3137 | D:3      | Reached skill level 2 in Fighting
  3137 | D:3      | Reached skill level 1 in Slings
  3140 | D:3      | HP: 6/38 [orc/+0 whip (4)]
  4111 | D:4      | Reached XP level 6. HP: 39/44 MP: 8/8
  4166 | D:4      | Found a staircase to the Ecumenical Temple.
  4175 | Temple   | Entered the Ecumenical Temple
  4282 | D:4      | Reached skill level 3 in Dodging
  4293 | D:4      | HP: 10/45 [gnoll/+0 spear (3)]
  4574 | D:4      | Reached skill level 4 in Evocations
  4848 | D:4      | Reached skill level 3 in Stealth
  5911 | D:5      | Entered Level 5 of the Dungeon
  5911 | D:5      | Noticed Edmund
  5911 | D:5      | Noticed an orc warrior
  5924 | D:4      | Killed Edmund
  5924 | D:4      | Reached skill level 3 in Short Blades
  5924 | D:4      | Reached skill level 2 in Slings
  5924 | D:4      | Reached XP level 7. HP: 30/51 MP: 10/10
  6174 | D:4      | HP: 11/51 [orc warrior/+1 mace of draining (7)]
  6176 | D:4      | Reached skill level 3 in Fighting
  7127 | D:5      | Reached skill level 1 in Maces & Flails
  7300 | D:5      | Reached XP level 8. HP: 37/58 MP: 11/11
  7301 | D:5      | Found a sparkling altar of Nemelex Xobeh.
  7468 | D:5      | Reached skill level 4 in Dodging
  7473 | D:5      | Reached skill level 4 in Stealth
  8245 | D:6      | Noticed Pikel
  8421 | D:5      | HP: 13/59 [slave[Pikel] (4)]
  8933 | D:6      | Reached skill level 2 in Maces & Flails
  9070 | D:6      | Killed Pikel
  9070 | D:6      | Reached skill level 4 in Fighting
  9070 | D:6      | Reached skill level 1 in Throwing
  9070 | D:6      | Reached skill level 5 in Evocations
  9123 | D:6      | HP: 15/60 [sky beast (3)]
  9128 | D:6      | HP: 10/60 [something (1)]
  9134 | D:6      | HP: 8/60 [sky beast (1)]
  9501 | D:6      | Reached XP level 9. HP: 52/65 MP: 11/13
  9529 | D:6      | HP: 16/65 [poisoned by a worker ant]
  9534 | D:6      | HP: 12/65 [poisoned by a worker ant]
  9541 | D:6      | HP: 11/65 [poisoned by a worker ant]
  9548 | D:6      | HP: 10/65 [poisoned by a worker ant]
  9556 | D:6      | HP: 10/65 [poisoned by a worker ant]
  9852 | D:6      | Reached skill level 3 in Maces & Flails
  9852 | D:6      | Reached skill level 2 in Throwing
  9852 | D:6      | Reached skill level 5 in Stealth
 10021 | D:6      | Reached skill level 5 in Dodging
 10312 | D:6      | Found a shimmering altar of Xom.
 10434 | D:6      | HP: 14/66 [sky beast (5)]
 11555 | D:7      | Reached skill level 3 in Throwing
 11661 | D:7      | Reached skill level 5 in Fighting
 12048 | D:8      | Reached skill level 6 in Evocations
 12097 | D:8      | Found the +10 Black Knight's horse barding {ponderous,
                  | rPois rN+}
 12127 | D:8      | Reached skill level 4 in Maces & Flails
 12932 | D:8      | Reached skill level 6 in Stealth
 12932 | D:8      | Reached XP level 10. HP: 54/74 MP: 14/14
 12938 | D:8      | Found Lorudwee's Jewellery Shoppe.
 13071 | D:8      | Found a white marble altar of Elyvilon.
 13099 | D:8      | Found Kabupru's Gadget Shop.
 13130 | D:8      | Got a faintly humming ring mail
 13561 | D:8      | Found an ornate altar of the Wu Jian Council.
 13570 | D:8      | Found a bloodstained altar of Trog.
 13571 | D:8      | Found a shadowy altar of Dithmenos.
 13572 | D:8      | Found a shattered altar of Ashenzari.
 13573 | D:8      | Found an ancient bone altar of Kikubaaqudgha.
 13578 | D:8      | Became a worshipper of Trog the Wrathful
 13758 | D:9      | Found a snail-covered altar of Cheibriados.
 13800 | D:9      | Reached skill level 6 in Dodging
 14049 | D:9      | Reached skill level 4 in Throwing
 14518 | D:9      | Identified the +5 ring mail "Qapoah" {rF+ rN+} (You found
                  | it on level 8 of the Dungeon)
 14603 | D:9      | Found an iron altar of Okawaru.
 14786 | D:9      | Got a polished whip
 14787 | D:9      | Identified the +7 whip of the Middle {speed, Fragile +Inv
                  | rElec MR-} (You found it on level 9 of the Dungeon)
 14890 | D:9      | Reached skill level 5 in Maces & Flails
 15143 | D:9      | Noticed a two-headed ogre
 15165 | D:9      | Killed a two-headed ogre
 15165 | D:9      | Reached skill level 6 in Fighting
 15413 | D:9      | Reached skill level 7 in Evocations
 15719 | D:10     | Entered Level 10 of the Dungeon
 15727 | D:10     | Reached * piety under Trog
 15807 | D:10     | Reached skill level 7 in Stealth
 16115 | D:10     | Noticed a two-headed ogre
 16136 | D:10     | Killed a two-headed ogre
 16136 | D:10     | Reached skill level 5 in Throwing
 16136 | D:10     | Reached XP level 11. HP: 25/83 MP: 16/16
 16786 | D:10     | Noticed a white ugly thing
 16813 | D:10     | Killed a white ugly thing
 16813 | D:10     | Reached skill level 7 in Dodging
 17375 | D:10     | Reached skill level 6 in Maces & Flails
 17384 | D:10     | HP: 31/124 [poisoned by a killer bee]
 17389 | D:10     | HP: 28/124 [poisoned by a killer bee]
 17394 | D:10     | HP: 19/124 [poisoned by a killer bee]
 17397 | D:10     | HP: 9/124 [poisoned by a killer bee]
 17402 | D:10     | HP: 5/124 [poisoned by a killer bee]
 17404 | D:10     | HP: 1/83 [poisoned by a killer bee]
 17404 | D:10     | Mangled by a killer bee

Illustrated notes

Levels and vault maps discovered:
D:1:      lightli_arrival_quake, layout_loops_corners, minmay_split_cup_large
D:2:      layout_loops_ring, old_standard_altar, old_standard_altar,
          minmay_quadrilaterals, uniq_jessica
D:3:      layout_loops_cross
D:4:      layout_basic, minmay_temple_entry_ruins, first_ration
D:5:      layout_rooms, nemelex_xobeh_ov_fountains_minmay, uniq_edmund
D:6:      layout_rooms, basic_altar, st_stairs_3, minmay_misc_feat_hallway,
          uniq_pikel
D:7:      layout_cave_pools
D:8:      layout_gridville, overflow_temple_1_default, minitemple, serial_shops,
          nicolae_shop_stone, shop
D:9:      layout_roguey, okawaru_humans, basic_altar
D:10:     layout_roguey [special_room_bee]
Temple:   nicolae_temple_x_marks_the_god

Skill      XL: |  1  2  3  4  5  6  7  8  9 10 11 |
---------------+----------------------------------+-----
Stealth        | 2 3 4 6 7 |  7.7
Short Blades   | 2 3 |  3.0
Fighting       | 2 3 4 5 6 |  6.9
Slings         | 1 2 |  2.1
Dodging        | 3 4 5 6 7 |  7.2
Evocations     | 4 5 6 7 |  7.6
Maces & Flails | 1 2 4 5 6 |  6.0
Throwing       | 1 3 5 |  5.6

Action                   |  1- 3 |  4- 6 |  7- 9 | 10-12 || total
-------------------------+-------+-------+-------+-------++-------
Melee: Short sword       |    82 |       |       |       ||    82
       Hunting sling     |       |     1 |       |       ||     1
       Mace              |       |       |   429 |   150 ||   579
       Flail             |       |       |     4 |       ||     4
       Whip              |       |       |       |   229 ||   229
 Fire: Hunting sling     |    31 |   232 |       |    46 ||   309
Throw: Stone             |       |       |    29 |   187 ||   216
       Boomerang         |       |       |   102 |       ||   102
Invok: Berserk           |       |       |       |     1 ||     1
Evoke: Wand              |       |    34 |    16 |     8 ||    58
  Use: Scroll            |     3 |     1 |    12 |     6 ||    22
       Potion            |       |       |     3 |     1 ||     4
 Stab: Sleeping          |     4 |       |       |     1 ||     5
       Paralysed         |       |       |       |    10 ||    10
       Distracted        |       |       |       |     1 ||     1
  Eat: Chunk             |     2 |     9 |    13 |     9 ||    33
       Ration            |     1 |       |     3 |     3 ||     7
Armor: Leather armour    |    20 |    17 |       |       ||    37
       Chain mail        |       |    71 |     6 |       ||    77
       Plate armour      |       |       |   364 |    82 ||   446
       Ring mail         |       |       |       |    52 ||    52
       Skin              |       |       |       |    25 ||    25
Dodge: Dodged            |    55 |    97 |   104 |   120 ||   376
Block: Buckler           |       |    22 |    73 |    34 ||   129

Table legend:
 A = Non-vault XP
 B = Vault XP
 C = Vault XP percentage of total XP
 D = Non-vault monster count
 E = Vault monster count
 F = Vault count percentage of total count
                 A         B        C        D         E       F
            +---------+---------+-------+---------+---------+-------
      Total |    8137 |    1987 |  19.6 |     187 |      28 |  13.0
            +---------+---------+-------+---------+---------+-------
        D:1 |      36 |      13 |  26.5 |      18 |       4 |  18.2
        D:2 |      54 |      43 |  44.3 |      15 |       5 |  25.0
        D:3 |      96 |       0 |   0.0 |      20 |       0 |   0.0
        D:4 |     434 |     154 |  26.2 |      27 |       1 |   3.6
        D:5 |     413 |       0 |   0.0 |      16 |       0 |   0.0
        D:6 |    1225 |     600 |  32.9 |      24 |       3 |  11.1
        D:7 |     134 |       0 |   0.0 |      12 |       0 |   0.0
        D:8 |    1238 |       0 |   0.0 |      21 |       0 |   0.0
        D:9 |    2251 |     371 |  14.1 |      19 |       2 |   9.5
       D:10 |    2256 |     806 |  26.3 |      15 |      13 |  46.4
            +---------+---------+-------+---------+---------+-------

Levels and vault maps discovered:
D:1:      lightli_arrival_quake, layout_loops_corners, minmay_split_cup_large
D:2:      layout_loops_ring, old_standard_altar, old_standard_altar,
          minmay_quadrilaterals, uniq_jessica
D:3:      layout_loops_cross
D:4:      layout_basic, minmay_temple_entry_ruins, first_ration
D:5:      layout_rooms, nemelex_xobeh_ov_fountains_minmay, uniq_edmund
D:6:      layout_rooms, basic_altar, st_stairs_3, minmay_misc_feat_hallway,
          uniq_pikel
D:7:      layout_cave_pools
D:8:      layout_gridville, overflow_temple_1_default, minitemple, serial_shops,
          nicolae_shop_stone, shop
D:9:      layout_roguey, okawaru_humans, basic_altar
D:10:     layout_roguey [special_room_bee]
Temple:   nicolae_temple_x_marks_the_god

Table legend:
 A = Turns spent in this place as a percentage of turns spent in the entire game.
 B = Non-inter-level travel turns spent in this place as a percentage of non-inter-level travel turns spent in the entire game.
 C = Inter-level travel turns spent in this place as a percentage of turns spent in this place.
 D = Turns resting spent in this place as a percentage of non-inter-level travel turns spent in this place.
 E = Turns spent auto-exploring this place as a percentage of non-inter-level travel turns spent in this place.
 F = Non-inter-level travel turns spent in this place divided by the number of levels of this place that you've seen.
                   A       B       C       D       E      F
               +-------+-------+-------+-------+-------+----------------------
         Total | 100.0 | 100.0 |   2.0 |  46.3 |  34.3 | 1550.2
       Dungeon |  99.6 |  99.6 |   2.0 |  46.4 |  34.1 | 1699.2
        Temple |   0.4 |   0.4 |   9.1 |   0.0 |  96.7 |  60.0
               +-------+-------+-------+-------+-------+----------------------

Table legend:
 A = Kills in this place as a percentage of kills in entire the game.
 B = Kills by you in this place as a percentage of kills by you in the entire game.
 C = Kills by friends in this place as a percentage of kills by friends in the entire game.
 D = Other kills in this place as a percentage of other kills in the entire game.
 E = Experience gained in this place as a percentage of experience gained in the entire game.
 F = Experience gained in this place divided by the number of levels of this place that you have seen.
                   A       B       C       D       E      F
               +-------+-------+-------+-------+-------+----------------------
         Total | 100.0 | 100.0 | 100.0 | 100.0 | 100.0 | 920.4
       Dungeon | 100.0 | 100.0 | 100.0 | 100.0 | 100.0 | 1012.4
               +-------+-------+-------+-------+-------+----------------------
